 Dungeon Crawl Stone Soup version 0.29-a0-364-g921d912d32 (webtiles) character file.

Game seed: 6620795176213996450

710 holysushi the Slicer (level 8, 0/51 HPs)
             Began as a Kobold Monk on Apr 30, 2022.
             Slain by an orc
             ... wielding a +0 flail
              (7 damage)
             ... on level 4 of the Dungeon.
             The game lasted 00:05:34 (4909 turns).

holysushi the Slicer (Kobold Monk)                  Turns: 4909, Time: 00:05:34

Health: 0/51       AC:  2    Str:  8 (11) XL:     8   Next: 0%
Magic:  17/17      EV: 17    Int:  8 (11) God:
Gold:   163        SH:  0    Dex: 24 (25) Spells: 7/7 levels left

rFire   . . .      SeeInvis .   t - +3 dagger (drain)
rCold   . . .      Faith    .   (no shield)
rNeg    . . .      Spirit   .   b - +0 robe
rPois   .          Reflect  .   (no helmet)
rElec   .          Harm     .   (no cloak)
rCorr   .          Rampage  .   (no gloves)
Will    .....                   w - +0 pair of boots
Stlth   ++++......              (no amulet)
HPRegen 0.97/turn               e - +6 ring of dexterity
MPRegen 0.15/turn               m - ring of magical power

@: no status effects
A: small, no large weapons, nightstalker 3, deformed body, regeneration 1,
strong 1
a: no special abilities


You were on level 4 of the Dungeon.
You visited 1 branch of the dungeon, and saw 5 of its levels.

You collected 163 gold pieces.

Inventory:

Hand Weapons
 a - a +0 short sword
 t - a +3 dagger of draining (weapon)
Armour
 b - a +0 robe (worn)
 w - a +0 pair of boots (worn)
Jewellery
 e - a +6 ring of dexterity (left hand)
 m - a ring of magical power (right hand)
 v - a ring of ice
Wands
 p - a wand of iceblast (5)
Scrolls
 g - a scroll of teleportation
 h - a scroll of magic mapping {unknown}
 i - 2 scrolls of identify
 j - a scroll of summoning {unknown}
 l - a scroll of acquirement {unknown}
 o - a scroll of silence {unknown}
 s - a scroll of fog {unknown}
 u - a scroll of vulnerability {unknown}
Potions
 c - 2 potions of ambrosia
 k - a potion of cancellation
 n - a potion of attraction
 r - 3 potions of curing
 x - a potion of haste {unknown}


   Skills:
 + Level 6.1 Fighting
 * Level 9.7 Short Blades
 - Level 3.6 Dodging
 - Level 2.6 Stealth


You had 7 spell levels left.
You didn't know any spells.
Your spell library contained the following spells:

 Spells                   Type           Power      Damage    Failure   Level
 Magic Dart               Conj           0%         1d3       41%         1
 Ensorcelled Hibernation  Hex/Ice        0%         N/A       54%         2
 Passwall                 Tmut/Erth      0%         N/A       54%         2
 Searing Ray              Conj           0%         2d4       54%         2
 Swiftness                Air            0%         N/A       78%         3
 Fulminant Prism          Conj/Hex       0%         3d6       99%         4


Dungeon Overview and Level Annotations

Branches:
Dungeon (5/15)
 Temple: D:4-7

Altars:

Annotations:
D:4 Pikel
D:5 2 runed translucent doors


Innate Abilities, Weirdness & Mutations

You are small and have problems with some larger weapons.
You are completely attuned to the shadows.
Armour fits poorly on your strangely shaped body.
Your natural rate of healing is unusually fast.
Your muscles are strong. (Str +2)


Message History

You climb upwards.
There is a stone staircase leading down here.
Unknown command.
You hit the orc but do no damage. You hit Pikel but do no damage.
Pikel hits you with a +1 whip of flaming!
Pikel burns you. The orc hits you with a +0 flail!
* * * LOW HITPOINT WARNING * * *
You hit Pikel but do no damage. You drain Pikel.
Pikel is lightly wounded.
You hit Pikel.
Pikel is lightly wounded.
Pikel misses you. The orc closely misses you.
As you read the scroll labelled HEOTOU JUODUJ, it crumbles to dust.
The creatures around you are filled with an inner flame!
It was a scroll of immolation.
Pikel hits you with a +1 whip of flaming.
* * * LOW HITPOINT WARNING * * *
Pikel burns you.
* * * LOW HITPOINT WARNING * * *
The orc completely misses you.
It was a potion of degeneration.
There was something very wrong with that liquid.
You feel weakened.
You feel dopey.
You feel clumsy.
Pikel hits you with a +1 whip of flaming.
* * * LOW HITPOINT WARNING * * *
Pikel burns you.
* * * LOW HITPOINT WARNING * * *
The orc misses you.
Okay, then.
As you read the scroll labelled TYTTAU QUESA, it crumbles to dust.
It is a scroll of enchant weapon.
Your +2 dagger of draining glows red for a moment.
Pikel barely misses you. The orc misses you.
Unknown command.
As you read the scroll labelled ETWO MUIRHI, it crumbles to dust.
It is a scroll of identify.
g - a scroll of teleportation Pikel misses you.
The orc hits you with a +0 flail!
You die...

#### #... #.## ###### #.#
#@o5.## #.# ### #K##>.# #.#
#.########.###.#########.##
#..................(..##.#.
#.########.####.#####.##.#.
#.# #.# #..# #.##.#. #.#
#.# ##.# #.##.#. #.# #.#
#.## #.##.#. #.# #.# #..#
#.##.#.


You could see Pikel (inner flame, drained), a lemure (inner flame) and an orc
(inner flame).

Vanquished Creatures
  A black bear (D:4)
  An ogre (D:4)
  A gnoll sergeant (D:5)
  A jelly (D:5)
  An iguana (D:4)
  7 orc wizards
  5 gnolls
  10 adders
  A shadow imp (D:5)
  A worm (D:2)
  3 dart slugs
  9 orcs
  7 ball pythons
  4 endoplasms
  3 giant cockroaches
  7 goblins
  8 hobgoblins
  3 jackals (D:3)
  7 kobolds
  7 quokkas
  4 bats
  2 frilled lizards
  7 rats
100 creatures vanquished.

Notes
Turn   | Place    | Note
-------+----------+-------------------------------------------
     0 | D:1      | holysushi the Kobold Monk began the quest for the Orb.
     0 | D:1      | Reached XP level 1. HP: 14/14 MP: 1/1
   203 | D:1      | Reached XP level 2. HP: 16/19 MP: 2/2
   820 | D:1      | Reached XP level 3. HP: 24/24 MP: 3/3
   897 | D:1      | Reached skill level 5 in Short Blades
  1575 | D:2      | Reached XP level 4. HP: 29/29 MP: 4/4
  1764 | D:2      | Identified the +1 ring mail "Sunty" {Str+3}
  2051 | D:3      | Reached skill level 6 in Short Blades
  2148 | D:3      | Reached XP level 5. HP: 34/34 MP: 5/5
  3253 | D:4      | Noticed a black bear
  3262 | D:4      | Reached skill level 7 in Short Blades
  3262 | D:4      | Reached XP level 6. HP: 33/39 MP: 6/6
  3266 | D:4      | Gained mutation: Your muscles are strong. (Str +2) [potion
                  | of mutation]
  3266 | D:4      | Gained mutation: Armour fits poorly on your strangely
                  | shaped body. [potion of mutation]
  3266 | D:4      | Gained mutation: Your natural rate of healing is unusually
                  | fast. [potion of mutation]
  3276 | D:4      | Killed a black bear
  3277 | D:4      | Reached skill level 5 in Fighting
  3458 | D:4      | Reached skill level 8 in Short Blades
  3492 | D:4      | Reached XP level 7. HP: 42/44 MP: 7/7
  4484 | D:5      | Entered Level 5 of the Dungeon
  4484 | D:5      | Found a large runed translucent door.
  4484 | D:5      | Found a large runed translucent door.
  4677 | D:4      | Reached skill level 9 in Short Blades
  4759 | D:5      | Noticed Pikel
  4778 | D:4      | Reached XP level 8. HP: 35/51 MP: 8/8
  4909 | D:4      | Slain by an orc

Illustrated notes

Levels and vault maps discovered:
D:1:      dpeg_arrival_arbitrary_a, layout_rooms
D:2:      layout_basic, grunt_decor_arrowhead
D:3:      minmay_door_path, layout_loops_corners, grunt_decor_fettered
D:4:      layout_basic, minmay_a_box_with_orc_wizards_in_it
D:5:      layout_rooms, ebering_ghost_disaster_area, serial_shops,
          kennysheep_mini, uniq_pikel

Skill      XL: |  1  2  3  4  5  6  7 |
---------------+----------------------+-----
Short Blades   | 5 6 7 8 9 |  9.7
Fighting       | 4 5 6 |  6.1
Dodging        | |  3.6
Stealth        | |  2.6

Action                   |  1- 3 |  4- 6 |  7- 9 || total
-------------------------+-------+-------+-------++-------
Melee: Short sword       |    39 |       |       ||    39
       Dagger            |    29 |   118 |   101 ||   248
       Punch             |       |     1 |     2 ||     3
  Use: Potion            |       |     6 |     1 ||     7
       Scroll            |       |       |     3 ||     3
 Stab: Sleeping          |    14 |    17 |     3 ||    34
       Distracted        |       |     1 |     1 ||     2
Armor: Robe              |       |     5 |     7 ||    12
Dodge: Dodged            |    28 |    71 |    48 ||   147

Table legend: (Time is in decaauts)
 A = Elapsed time spent in this place.
 B = Non-inter-level travel time spent in this place.
 C = Inter-level travel time spent in this place.
 D = Time resting spent in this place.
 E = Time spent auto-exploring this place.
 F = Levels seen in this place.
 G = Mean time per level.
                   A        B        C        D        E       F      G
               +--------+--------+--------+--------+--------+-----+--------+
         Total |   4817 |   4596 |    221 |    627 |   3227 |   5 |  963.4 |
       Dungeon |   4817 |   4596 |    221 |    627 |   3227 |   5 |  963.4 |
               +--------+--------+--------+--------+--------+-----+--------+

Top non-repeatable levels by time:
     D:4: 1521 daAuts
     D:3: 1184 daAuts
     D:1: 1039 daAuts
     D:2: 910 daAuts
     D:5: 160 daAuts
